 Dungeon Crawl Stone Soup version 0.31-a0-210-gccc998df9b (webtiles) character file.

Game seed: 3587568314297641006

74 qw the Shooter (level 4, -1/26 HPs)
             Began as a Gargoyle Hexslinger on June 30, 2023.
             Slain by a hobgoblin (2 damage)
             ... on level 2 of the Dungeon.
             The game lasted 00:00:36 (1457 turns).

qw the Shooter (Gargoyle Hexslinger)                Turns: 1457, Time: 00:00:37

Health: -1/26      AC:  7    Str: 12    XL:     4   Next: 28%
Magic:  5/5        EV: 11    Int: 13    God:
Gold:   67         SH:  0    Dex: 14    Spells: 4/5 levels left

rFire   . . .        Y - +1 sling
rCold   . . .        (no shield)
rNeg    + . .        g - +0 leather armour
rPois   inf          (no helmet)
rElec   +            b - +0 cloak
rCorr   .            (no gloves)
SInv    .            (no boots)
Will    .....        (no amulet)
Stlth   +            (no ring)
HPRegen 0.24/turn    (no ring)
MPRegen 0.09/turn

%: no passive effects
@: no status effects
A: sickness immunity, AC +3, negative energy resistance 1, electricity
resistance, torment resistance 1, petrification resistance
a: no special abilities


You were on level 2 of the Dungeon.
You visited 1 branch of the dungeon, and saw 2 of its levels.

You collected 67 gold pieces.


Innate Abilities, Weirdness & Mutations

You are immune to sickness and miasma.
Your stone body is resilient. (AC +3)
You are immune to poison.
You resist negative energy. (rN+)
You are resistant to electric shocks. (rElec)
You are resistant to unholy torment.
You are immune to petrification.


   Skills:
 - Level 2.3 Fighting
 + Level 3.9 Ranged Weapons
 - Level 1.5 Dodging
 - Level 1.0 Spellcasting
 - Level 2.6 Hexes


You had 4 spell levels left.
You knew the following spells:

 Your Spells              Type           Power      Damage    Failure   Level
a - Slow                  Hex            28%        N/A       12%         1

Your spell library contained the following spells:

 Spells                   Type           Power      Damage    Failure   Level
 Inner Flame              Hex/Fire       4%         N/A       52%         3
 Portal Projectile        Hex/Tloc       8%         N/A       52%         3
 Cause Fear               Hex            3%         N/A       75%         4

Inventory:

Hand Weapons
 Y - a +1 sling (weapon)
Armour
 b - a +0 cloak (worn)
 g - a +0 leather armour (worn)
Jewellery
 a - a +6 ring of intelligence
Scrolls
 f - a scroll of identify
 h - a scroll of revelation {unknown}
Potions
 c - a potion of brilliance {unknown}
 d - 2 potions of mutation {unknown}
 e - a potion of heal wounds {unknown}

Dungeon Overview and Level Annotations

Branches:
Dungeon (2/15)

Altars:

Shops:
D:1 ??([

Annotations:
D:1 exclusion: hobgoblin


Message History

The hobgoblin hits you but does no damage. x3
The goblin closely misses you.
You shoot a sling bullet.
The sling bullet closely misses the hobgoblin.
The hobgoblin closely misses you. The goblin closely misses you.
The hobgoblin closely misses you.
You shoot a sling bullet. The sling bullet hits the hobgoblin.
The hobgoblin is severely wounded.
The hobgoblin hits you but does no damage.
The goblin barely misses you. The hobgoblin barely misses you.
You shoot a sling bullet.
The sling bullet completely misses the hobgoblin.
The hobgoblin hits you but does no damage.
The goblin hits you with a +0 dagger. The hobgoblin misses you.
You shoot a sling bullet.
The sling bullet barely misses the hobgoblin.
The hobgoblin barely misses you. The goblin hits you but does no damage.
The hobgoblin hits you but does no damage. x2
The goblin closely misses you.
The hobgoblin hits you but does no damage.
You shoot a sling bullet. The sling bullet hits the hobgoblin.
You kill the hobgoblin!
The hobgoblin closely misses you.
You shoot a sling bullet. The sling bullet misses the goblin.
The goblin hits you with a +0 dagger. The hobgoblin barely misses you.
You shoot a sling bullet.
The sling bullet barely misses the goblin.
The hobgoblin barely misses you. The goblin hits you with a +0 dagger.
The hobgoblin closely misses you.
You shoot a sling bullet.
The sling bullet closely misses the goblin.
The hobgoblin hits you but does no damage.
The goblin misses you.
The hobgoblin hits you but does no damage.
You shoot a sling bullet.
The sling bullet hits the goblin but does no damage.
The hobgoblin hits you. The goblin hits you with a +0 dagger.
The hobgoblin hits you but does no damage.
The hobgoblin hits you.
You die...

# #....# ###..%.... #########
####### ..#.#.#... ##....#
##.....## #.#.#.#... ##....#
#..###..# #.#.#.##.#
......####.## ##.### #.#.#.##.#
......##...#. #...## #.#.#.##.#
......#..####' ###..####.#.#.#...
......#.##$#...#g##........#.#...
......#.#$$'..gg@.'..###.###.#...
..##'##.##$#...#g##.....[#...#...
..##.##..####' ###..#.........#+#
..##.###...#. #...#..........#
..##.#####.## ##.###..........#
..##...# #..###..###..........#
......)# ##.....###...####....#
####...# ####### #...+..#....#
.....### #...##.#....#


You could see 2 hobgoblins and 2 goblins.

Vanquished Creatures
  A gnoll (D:1)
  An adder (D:2)
  4 ball pythons
  2 bats
  An endoplasm (D:1)
  A giant cockroach (D:1)
  10 hobgoblins
  2 jackals (D:1)
  3 kobolds
  3 quokkas
  4 frilled lizards
  12 goblins
  A rat (D:2)
45 creatures vanquished.

Notes
Turn   | Place    | Note
-------+----------+-------------------------------------------
     0 | D:1      | qw the Gargoyle Hexslinger began the quest for the Orb.
     0 | D:1      | Reached XP level 1. HP: 12/12 MP: 2/2
     0 | D:1      | 0 ||| qw: Version: 0.3-a-26-gee661ec
     0 | D:1      | 0 ||| qw: Game counter: 7227
     0 | D:1      | 0 ||| qw: Melee chars always use a shield: true
     0 | D:1      | 0 ||| qw: God list: Okawaru
     0 | D:1      | 0 ||| qw: Allow faded altars: false
     0 | D:1      | 0 ||| qw: Do Orc after clearing Dungeon:15 true
     0 | D:1      | 0 ||| qw: Do second Lair branch before Depths: true
     0 | D:1      | 0 ||| qw: Lair rune preference: random
     0 | D:1      | 0 ||| qw: Goals: Normal
     0 | D:1      | 0 ||| PLANNING D:1-11
    43 | D:1      | Found Jisem's Weapon Shop.
    52 | D:1      | 52 ||| DROPPING scroll of poison.
   225 | D:1      | Reached XP level 2. HP: 16/16 MP: 3/3
   306 | D:1      | Reached skill level 3 in Ranged Weapons
   306 | D:1      | Found Rujifi's Magic Scroll Boutique.
   316 | D:1      | 316 ||| SHOPLISTING scroll of enchant weapon (105 gold,
                  | have 18).
   316 | D:1      | 316 ||| SHOPLISTING scroll of identify (28 gold, have 18).
   316 | D:1      | 316 ||| SHOPLISTING scroll of teleportation (42 gold, have
                  | 18).
   399 | D:1      | Found Xutuwk's Magic Scroll Boutique.
   405 | D:1      | 405 ||| SHOPLISTING scroll of enchant weapon (97 gold, have
                  | 18).
   405 | D:1      | 405 ||| SHOPLISTING scroll of identify (26 gold, have 18).
   476 | D:1      | Reached XP level 3. HP: 18/21 MP: 4/4
   613 | D:1      | Found Meugeax's Antique Armour Shop.
   785 | D:1      | 785 ||| UPGRADING to +0 cloak.
   790 | D:1      | 790 ||| UPGRADING to +0 leather armour.
   800 | D:1      | 800 ||| DROPPING +0 robe.
   801 | D:1      | 801 ||| READING scroll labelled PUQISO USEGI.
   802 | D:1      | 802 ||| READING scroll labelled KEINEDOFEPT.
   955 | D:2      | Identified the +0 short sword "Worm" {freeze, rF+ Dex+2}
  1311 | D:2      | Reached XP level 4. HP: 26/26 MP: 5/5
  1454 | D:2      | HP: 6/26 [goblin/+0 dagger (2)]
  1457 | D:2      | HP: 1/26 [goblin/+0 dagger (3)]
  1457 | D:2      | Slain by a hobgoblin

Levels and vault maps discovered:
D:1:      lemuel_arrival_muddy, layout_basic, serial_shops, shop_statue,
          nicolae_shop_temple_entry_statues_fountains, shop,
          nicolae_shop_peninsula, minmay_split_cup_large
D:2:      cheibrodos_greedy_goblins, layout_basic

Skill      XL: |  1  2 |
---------------+-------+-----
Ranged Weapons | 3 |  3.9
Fighting       | 2 |  2.3
Dodging        | |  1.5
Spellcasting   | |  1.0
Hexes          | |  2.6

Action                     |  1- 3 |  4- 6 || total
---------------------------+-------+-------++-------
   Fire: Sling             |   117 |    49 ||   166
    Use: Scroll            |     2 |       ||     2
 Armour: Robe              |     2 |       ||     2
         Leather armour    |    19 |    54 ||    73
  Dodge: Dodged            |    45 |    62 ||   107

Table legend:
 A = Non-vault XP
 B = Vault XP
 C = Vault XP percentage of total XP
 D = Non-vault monster count
 E = Vault monster count
 F = Vault count percentage of total count
                 A         B        C        D         E       F
            +---------+---------+-------+---------+---------+-------
      Total |      76 |      30 |  28.3 |      30 |      15 |  33.3
            +---------+---------+-------+---------+---------+-------
        D:1 |      39 |       8 |  17.0 |      14 |       4 |  22.2
        D:2 |      37 |      22 |  37.3 |      16 |      11 |  40.7
            +---------+---------+-------+---------+---------+-------
